 Dungeon Crawl Stone Soup version 0.20.1-1-g8b1a95d (webtiles) character file.

38 Irenicus the Grave Robber (level 3, -1/28 HPs)
             Began as a Deep Dwarf Necromancer on Nov 6, 2017.
             Slain by a gnoll
             ... wielding a +0 halberd
              (6 damage)
             ... on level 3 of the Dungeon.
             The game lasted 00:07:33 (913 turns).

Irenicus the Grave Robber (Deep Dwarf Necromancer)   Turns: 913, Time: 00:07:34

Health: -1/28      AC:  3    Str:  9 (11) XL:     3   Next: 25%
Magic:  1/6        EV: 12    Int: 15 (16) God:
Gold:   34         SH:  0    Dex: 11 (13) Spells: 1/6 levels left

rFire    . . .     SeeInvis .   (no weapon)
rCold    . . .     Gourm    .   (no shield)
rNeg     . . .     Faith    .   h - +0 leather armour
rPois    .         Spirit   .   (no helmet)
rElec    .         Reflect  .   (no cloak)
rCorr    .         Harm     .   (no gloves)
MR       .....                  (no boots)
Stlth    +++.......             (no amulet)
Regen    0.0/turn               p - ring of stealth
MPRegen  0.1/turn               (no ring)

@: berserk cooldown, non-regenerating, hasted and slowed
A: damage resistance, heal wounds, sense surroundings 1, no regeneration
a: Heal Wounds


You were on level 3 of the Dungeon.
You were not hungry.

You visited 1 branch of the dungeon, and saw 3 of its levels.

You collected 34 gold pieces.

Inventory:

Armour
 a - a +0 robe
 h - a +0 leather armour (worn)
 l - a +0 shield
Jewellery
 p - a ring of stealth (left hand)
Scrolls
 e - a scroll of amnesia
 j - a scroll of magic mapping
 m - a scroll of remove curse
 o - 4 scrolls of teleportation {unknown}
 q - a scroll of identify
 r - a scroll of fog {unknown}
Potions
 d - a potion of degeneration
 k - 2 potions of brilliance
Books
 b - a book of Necromancy

   Spells                             Type                      Level
   a - Pain                           Necromancy                   1
   b - Animate Skeleton               Necromancy                   1
   c - Vampiric Draining              Necromancy                   3
   d - Regeneration                   Charms/Necromancy            3
   e - Animate Dead                   Necromancy                   4
   f - Control Undead                 Necromancy                   4
Comestibles
 c - a bread ration
 i - 2 meat rations


   Skills:
 - Level 0.2 Armour
 - Level 2.3 Dodging
 - Level 2.4 Stealth
 - Level 0.1 Unarmed Combat
 - Level 2.0 Spellcasting
 + Level 5.3 Necromancy


You had one spell level left.
You knew the following spells:

 Your Spells              Type           Power        Failure   Level  Hunger
a - Pain                  Necr           ###.         3%          1    #......
b - Animate Skeleton      Necr           N/A          3%          1    #......
e - Vampiric Draining     Necr           ###.......   11%         3    ###....


Dungeon Overview and Level Annotations

Branches:
Dungeon (3/15)

Altars:
Dithmenos
Elyvilon
Sif Muna
Uskayaw
Zin
The Shining One


Innate Abilities, Weirdness & Mutations

You are resistant to damage.
You can heal yourself by infusing magical energy.
You passively map a small area around you.
You do not regenerate.


Message History

You feel your anger subside.
You are no longer berserk.
You are exhausted.
You feel yourself slow down.
You feel yourself speed up. The gnoll hits you with a club.
* * * LOW HITPOINT WARNING * * *
Casting: Vampiric Draining
Confirm with . or Enter, or press ? or * to list all spells.
Aiming: Vampiric Draining
Press: ? - help, Shift-Dir - straight line, f - gnoll, p - gnoll
Aim: a gnoll, wielding a club The gnoll is severely wounded.
You feel life coursing into your body. The gnoll misses you.
Found a scroll of identify.
A leopard gecko and a kobold come into view.
The kobold shouts!
Found a ring of stealth and a leather armour.
A worker ant comes into view.
The gnoll hits you with a halberd!
You die...

,......... ,...K.....
........#** ,....#... ,
* ........# *...... =.
,........######..##....
,
,.......gS.gg......?...
#....g.######.####..
#......#####g........,
#......##..........#.
###.##.g@.g....##### #.
#.........# * , #
#.........# ,,
.........>.#
#############


You could see 3 gnolls.

Vanquished Creatures
  An adder (D:2)
  An ooze (D:2)
  A dart slug (D:2)
  A leopard gecko (D:1)
  2 giant cockroaches
  3 goblins
  3 hobgoblins
  3 bats
  A frilled lizard (D:2)
  4 kobolds
  2 rats
22 creatures vanquished.

Notes
Turn   | Place    | Note
-------+----------+-------------------------------------------
     0 | D:1      | Irenicus the Deep Dwarf Necromancer began the quest for the Orb.
     0 | D:1      | Reached XP level 1. HP: 15/15 MP: 3/3
   322 | D:1      | Reached XP level 2. HP: 22/22 MP: 2/4
   511 | D:2      | Found a shadowy altar of Dithmenos.
   513 | D:2      | Found a glowing golden altar of the Shining One.
   515 | D:2      | Found a deep blue altar of Sif Muna.
   518 | D:2      | Found a white marble altar of Elyvilon.
   519 | D:2      | Found a hide-covered altar of Uskayaw.
   520 | D:2      | Found a glowing silver altar of Zin.
   608 | D:2      | Reached skill level 5 in Necromancy
   634 | D:2      | Reached XP level 3. HP: 7/28 MP: 0/6
   711 | D:2      | Learned a level 3 spell: Vampiric Draining
   747 | D:2      | Learned a level 1 spell: Animate Skeleton
   898 | D:3      | HP: 1/28 [gnoll/club (1)]
   913 | D:3      | Slain by a gnoll

Skill      XL: |  1  2 |
---------------+-------+-----
Spellcasting   | 2 |  2.0
Necromancy     | 5 |  5.3
Armour         | |  0.2
Dodging        | |  2.3
Stealth        | |  2.4
Unarmed Combat | |  0.1

Action                   || total
-------------------------++-------
Melee: Unarmed           ||    40
       Whip              ||    13
 Cast: Pain              ||    36
       Vampiric Draining ||     5
       Animate Skeleton  ||     1
  Use: Potion            ||     4
       Scroll            ||     7
 Stab: Sleeping          ||     1
  Eat: Chunk             ||     1
Armor: Leather armour    ||    16
Dodge: Dodged            ||    58
